AoeStats
← dean03110206

MegaRandom

506106242Analyzed
4v4 RM · 19d ago on Sep 12, 2026· 52m 56s· 8 players
Game mode
Random Map
Map size
Large (8 player)
Population
200
Speed
Normal
Resources
Standard
Victory
Conquest
Starting age
Dark Age
Ending age
Imperial Age
RankedLock teamsTeams togetherTeam positionsShared explorationLock speedFull tech treeHidden civsTurbo modeCheats
Victory
Defeat
🇸🇪 Lithuanians · Sweden
1110
+13
🇸🇪 Hindustanis · Sweden
1099
+13
🇳🇱 Franks · Netherlands
1052
+15
🇪🇸 Ethiopians · Spain
1035
+15
🇦🇺 Japanese · Australia
1063
-15
🇦🇺 Mongols · Australia
1030
-14
🇹🇼 Bohemians · Taiwan
1024
-14
🇦🇺 Vietnamese · Australia
1016
-13
Serthirius
9:00 Loom
11:42 Feudal Age
18:19 Castle Age
16:08 Double-Bit Axe
18:24 Gold Mining
21:41 Bow Saw
23:08 Wheelbarrow
24:26 Husbandry
26:52 Hand Cart
31:28 Forging
31:23 Scale Barding Armor
34:54 Imperial Age
34:22 Iron Casting
34:08 Chain Barding Armor
35:08 Gold Shaft Mining
34:38 Fletching
34:58 Cavalier
38:18 Plate Barding Armor
38:44 Blast Furnace
38:05 Paladin
39:07 Town Watch
41:38 Bodkin Arrow
WennisTheMenace
8:46 Loom
10:53 Feudal Age
11:40 Town Watch
16:18 Castle Age
14:33 Double-Bit Axe
14:52 Horse Collar
17:37 Squires
18:25 Scale Mail Armor
18:36 Forging
21:42 Forging
24:38 Chain Mail Armor
28:21 Wheelbarrow
28:32 Wheelbarrow
28:14 Bow Saw
28:07 Heavy Plow
28:14 Gold Mining
28:22 Fletching
29:10 Iron Casting
33:10 Imperial Age
31:57 Man-at-Arms
32:11 Crossbowman
34:04 Thumb Ring
35:54 Conscription
35:30 Fletching
35:40 Padded Archer Armor
37:27 Chemistry
36:45 Bodkin Arrow
37:47 Ballistics
41:45 Blast Furnace
40:48 Bracer
41:46 Leather Archer Armor
42:01 Pikeman
45:00 Ring Archer Armor
50:08 Elite Ghulam
sayinfo
2:53 Loom
12:51 Feudal Age
13:33 Double-Bit Axe
13:33 Horse Collar
15:04 Fletching
15:21 Town Watch
16:22 Stone Mining
18:37 Wheelbarrow
19:31 Padded Archer Armor
25:39 Castle Age
27:07 Crossbowman
27:44 Bodkin Arrow
28:06 Leather Archer Armor
28:29 Thumb Ring
37:28 Imperial Age
38:55 Ballistics
40:33 Chemistry
39:57 Hand Cart
41:14 Ring Archer Armor
42:12 Bracer
42:29 Elite Skirmisher
43:15 Arbalester
46:01 Gold Mining
48:19 Capped Ram
Westbergen
4:53 Loom
10:28 Feudal Age
21:11 Castle Age
20:59 Scale Barding Armor
21:06 Forging
38:53 Chain Barding Armor
43:54 Wheelbarrow
47:47 Imperial Age
48:58 Iron Casting
48:43 Bloodlines
48:55 Cavalier
dean03110206
2:02 Loom
13:06 Feudal Age
18:40 Castle Age
32:51 Imperial Age
31:13 Fletching
34:16 Chemistry
35:07 Wheelbarrow
36:02 Bodkin Arrow
36:07 Padded Archer Armor
37:48 Double-Bit Axe
38:34 Houfnice
38:52 Pikeman
39:33 Squires
40:53 Halberdier
43:30 Scale Mail Armor
43:40 Forging
45:00 Elite Hussite Wagon
49:07 Chain Mail Armor
49:28 Iron Casting
Andy_Sai Gon
8:59 Loom
10:48 Feudal Age
16:13 Castle Age
14:49 Double-Bit Axe
15:07 Gold Mining
16:26 Horse Collar
16:39 Stone Mining
22:55 Forging
25:24 Wheelbarrow
27:40 Hand Cart
28:04 Iron Casting
27:29 Scale Mail Armor
29:27 Heavy Plow
38:07 Imperial Age
36:48 Chain Mail Armor
40:11 Blast Furnace
39:42 Plate Mail Armor
40:41 Bow Saw
40:29 Elite Samurai
nathan.maloney222
11:15 Feudal Age
9:32 Loom
12:04 Double-Bit Axe
14:42 Horse Collar
21:33 Castle Age
21:30 Fletching
21:41 Padded Archer Armor
22:31 Bow Saw
22:23 Heavy Plow
21:51 Crossbowman
22:43 Bodkin Arrow
24:55 Thumb Ring
31:42 Forging
33:09 Chatras
36:56 Wheelbarrow
36:59 Scale Barding Armor
39:12 Leather Archer Armor
39:18 Chain Barding Armor
43:31 Imperial Age
44:41 Bracer
45:12 Ring Archer Armor
46:26 Paper Money
46:45 Elite Fire Lancer
48:56 Plate Barding Armor
51:26 Crop Rotation
51:12 Arbalester
Mick The Brick
11:30 Feudal Age
16:13 Castle Age
14:53 Double-Bit Axe
15:07 Horse Collar
15:20 Gold Mining
17:28 Fletching
18:44 Padded Archer Armor
21:10 Leather Archer Armor
21:00 Loom
25:45 Gold Shaft Mining
25:44 Bodkin Arrow
28:26 Bow Saw
31:59 Ballistics
34:02 Wheelbarrow
34:19 Nomads
40:24 Imperial Age
41:44 Bracer
42:48 Chemistry
42:13 Conscription
42:44 Parthian Tactics
42:28 Thumb Ring
42:45 Elite Mangudai
44:11 Husbandry
44:46 Bloodlines
44:54 Heavy Plow
49:21 Light Cavalry
Connection lost

Rejoining the realm…

Still unreachable

The connection could not be restored.

Session expired

The server has moved on; the page needs a fresh start.